 Dungeon Crawl Stone Soup version 0.32-a0-13-gbaedc5810e (webtiles) character file.

Game seed: 12811001102132541236

986 Hopman the Trooper (level 7, -4/64 HPs)
             Began as a Minotaur Monk on Jan 15, 2024.
             Was a Priest of Ru.
             Killed from afar by a white imp (12 damage)
             ... with a puff of frost
             ... summoned by a kobold demonologist
             ... on level 5 of the Dungeon.
             The game lasted 00:18:56 (4032 turns).

Hopman the Trooper (Minotaur Monk)                  Turns: 4032, Time: 00:18:57

Health: -4/64      AC:  5    Str: 15    XL:     7   Next: 97%
Magic:  6/6        EV: 14    Int:  7    God:    Ru [***...]
Gold:   340        SH:  0    Dex: 15    Spells: 6/6 levels left

rFire   . . .        a - +0 falchion
rCold   . . .        d - orb {light}
rNeg    . . .        p - +1 leather armour
rPois   .            (helmet restricted)
rElec   .            (no cloak)
rCorr   .            n - +0 pair of gloves
SInv    .            (no boots)
Will    .....        (no amulet) Stlth
                     (no ring)
HPRegen 0.30/turn    (no ring)
MPRegen 0.10/turn

%: no passive effects
@: glowing
A: horns 2, no stealth, inability to use devices, retaliatory headbutt
a: Renounce Religion, Draw Out Power


You were on level 5 of the Dungeon.
You worshipped Ru.
Ru was most pleased with you.
You visited 1 branch of the dungeon, and saw 5 of its levels.

You collected 340 gold pieces.

Inventory:

Hand Weapons
 a - a +0 falchion (weapon)
 b - a +2 short sword of speed
 w - a +0 trident
Missiles
 g - 2 throwing nets
 l - 2 boomerangs (quivered)
Armour
 d - an orb of light (worn)
 k - a +0 robe
 n - a +0 pair of gloves (worn)
 p - a +1 leather armour (worn)
Talismans
 m - a flux talisman
Scrolls
 e - 2 scrolls of identify
 o - a scroll of fear {unknown}
 q - 3 scrolls of amnesia {unknown}
 r - 2 scrolls of teleportation {unknown}
 u - a scroll of silence {unknown}
Potions
 c - a potion of ambrosia
 f - a potion of lignification
 h - 2 potions of invisibility
 i - a potion of haste {unknown}
 s - a potion of might {unknown}
 t - 2 potions of mutation
 v - a potion of attraction {unknown}


   Skills:
 * Level 6.7 Fighting
 * Level 6.6 Long Blades
 + Level 1.1 Throwing
 + Level 4.5 Armour
 * Level 6.1 Dodging


You had 6 spell levels left.
You didn't know any spells.
Your spell library contained the following spells:

 Spells                   Type           Power      Damage    Failure   Level
 Freeze                   Ice            0%         1d3       50%         1
 Slow                     Hex            0%         N/A       50%         1
 Confusing Touch          Hex            0%         N/A       86%         3
 Sigil of Binding         Hex            0%         N/A       86%         3
 Vampiric Draining        Necr           0%         2d6       86%         3
 Ignite Poison            Fire/Alch      0%         N/A       99%         4
 Sticky Flame             Fire/Alch      0%         2d4       99%         4
 Ignition                 Fire           0%         3d3       100%        8


Dungeon Overview and Level Annotations

Branches:
Dungeon (5/15)             Temple (0/1) D:4

Altars:
Elyvilon
Ru
Sif Muna
Trog
Xom
Zin
The Shining One

Shops:
D:1 [


Innate Abilities, Weirdness & Mutations

You have a pair of horns on your head.
You cannot be stealthy.
You cannot study or use magical devices.
You reflexively headbutt those who attack you in melee.


Message History

The kobold demonologist is stunned by your conviction and fails to attack.
The ice devil hits you! The ice devil freezes you!!
* * * LOW HITPOINT WARNING * * *
You feel much better.
The kobold demonologist looks braver for a moment.
The ice devil hits you but does no damage.
Okay, then.
Throw: 2 boomerangs
Press: ? - help, Q - select action, (/) - cycle Shift-Dir - straight line, f - ice devil
Aim: an ice devil (summoned, haloed, 78% to hit)
Okay, then.
Okay, then.
Okay, then.
Okay, then.
The kobold demonologist gestures wildly while chanting.
The ice devil attacks as it pursues you!
The ice devil hits you. The ice devil freezes you!!
* * * LOW HITPOINT WARNING * * *
The kobold demonologist looks encouraged for a moment.
There is an open door here.
The ufetubus barely misses you. The ufetubus closely misses you.
The ufetubus closely misses you. You furiously retaliate!
You headbutt the ufetubus! The ufetubus closely misses you.
Found a stone staircase leading down.
The ice devil disappears in a puff of smoke!
The kobold demonologist gestures wildly while chanting.
The ufetubus slips past you! The ufetubus barely misses you.
The ufetubus closely misses you.
The ufetubus disappears in a puff of smoke!
There is a stone staircase leading down here.
The white imp gestures at you. The puff of frost misses you.
The kobold demonologist begins to cast a spell, but is stunned by your conviction!
The white imp gestures at you. The puff of frost hits you.
* * * LOW HITPOINT WARNING * * *
There is an escape hatch in the ceiling here.
The white imp gestures at you. The puff of frost hits you!
You die...

#...# #..##.#...#...#
#.### #K##>.)#######'.
#.###########5#......#
..#
##../..............####
..#
....########........## .#
##..# #..........# ...##
#..........# ####
#..........###. #
#########.....@........
###..................####
....########........##
##### #...<......# .#
#..........# .#
#..........# .#
#..........# .#
#..........# .#
##........##


You could see a kobold demonologist and a white imp (summoned).

Vanquished Creatures
  Pargi (D:3)
  A phantom (D:5)
  A kobold brigand (D:4)
  A scorpion (D:4)
  A howler monkey (D:4)
  A bombardier beetle (D:5)
  An orc priest (D:4)
  A hound (D:4)
  2 iguanas
  Jessica (D:3)
  Natasha (thrice) (D:3)
  7 orc wizards
  7 adders
  8 gnolls
  3 dart slugs
  2 ribbon worms
  11 orcs
  8 endoplasms
  2 giant cockroaches
  6 goblins
  4 hobgoblins
  2 jackals (D:1)
  14 kobolds
  5 quokkas
  8 ball pythons
  4 bats
  5 frilled lizards
  6 rats
116 creatures vanquished.

Notes
Turn   | Place    | Note
-------+----------+-------------------------------------------
     0 | D:1      | Hopman the Minotaur Monk began the quest for the Orb.
     0 | D:1      | Reached XP level 1. HP: 19/19 MP: 0/0
    25 | D:1      | Found Qifair's Antique Armour Shoppe.
   132 | D:1      | Reached XP level 2. HP: 24/27 MP: 1/1
   434 | D:1      | Found a faded altar of an unknown god.
   437 | D:1      | Prayed at the altar of an unknown god.
   437 | D:1      | Became a worshipper of Ru the Awakened
   498 | D:1      | Gained mutation: You cannot be stealthy. [Ru sacrifice]
   833 | D:1      | Reached XP level 3. HP: 28/33 MP: 2/2
  1304 | D:2      | Found a shimmering altar of Xom.
  1398 | D:2      | Reached skill level 1 in Armour
  1398 | D:2      | Reached XP level 4. HP: 33/41 MP: 3/3
  1651 | D:3      | Noticed Natasha
  1657 | D:3      | Killed Natasha
  1743 | D:3      | Reached XP level 5. HP: 24/47 MP: 4/4
  1901 | D:3      | Noticed Natasha
  1905 | D:3      | Killed Natasha
  1906 | D:3      | Reached skill level 5 in Fighting
  1930 | D:3      | Noticed Jessica
  1934 | D:3      | Found a shimmering blue altar of Sif Muna.
  1939 | D:3      | Killed Jessica
  1940 | D:3      | Reached skill level 5 in Long Blades
  1946 | D:3      | Got Sif Muna's Handbook of the Iceberg
  1951 | D:3      | Found a bloodstained altar of Trog.
  2107 | D:3      | Noticed Natasha
  2113 | D:3      | Killed Natasha
  2244 | D:3      | Found a shimmering altar of Xom.
  2292 | D:4      | Reached XP level 6. HP: 50/56 MP: 5/5
  2356 | D:4      | Noticed Pargi
  2385 | D:3      | Killed Pargi
  2386 | D:3      | Reached skill level 5 in Dodging
  2790 | D:4      | Reached XP level 7. HP: 41/62 MP: 6/6
  2997 | D:4      | Gained mutation: You cannot study or use magical devices.
                  | [Ru sacrifice]
  2997 | D:4      | Reached * piety under Ru
  2997 | D:4      | Reached ** piety under Ru
  2997 | D:4      | Reached *** piety under Ru
  3013 | D:4      | Found a glowing silver altar of Zin.
  3013 | D:4      | Found a white marble altar of Elyvilon.
  3013 | D:4      | Found a glowing golden altar of the Shining One.
  3029 | D:4      | Found a staircase to the Ecumenical Temple.
  3319 | D:4      | HP: 3/63 [hound (3)]
  3715 | D:5      | Entered Level 5 of the Dungeon
  3900 | D:5      | Reached skill level 1 in Throwing
  3975 | D:5      | Found a sacrificial altar of Ru.
  3990 | D:5      | Noticed a kobold demonologist
  3993 | D:5      | Noticed an ice devil
  4032 | D:5      | Killed from afar by a white imp

Illustrated notes

Levels and vault maps discovered:
D:1:      onia_arrival_mini_spirals, layout_loops_ring,
          shapermc_ecumenical_altar_mp_ritualfount, serial_shops, shop
D:2:      minmay_kobold_bridge, layout_rooms, basic_altar
D:3:      layout_rooms, nzn_overflow_gifts_of_might_and_magic,
          marbit_many_paths, uniq_natasha
D:4:      layout_cave_pools, dreamdust_divine_triumvirate,
          minmay_temple_entry_grid, uniq_pargi
D:5:      layout_rooms, nicolae_ru_great_annihilating_truth

Skill      XL: |  1  2  3  4  5  6  7 |
---------------+----------------------+-----
Fighting       | 4 5 6 |  6.7
Long Blades    | 4 5 6 |  6.6
Dodging        | 4 5 6 |  6.1
Armour         | 1 2 3 4 |  4.5
Throwing       | 1 |  1.1

Action                     |  1- 3 |  4- 6 |  7- 9 || total
---------------------------+-------+-------+-------++-------
  Melee: Falchion          |    74 |   102 |    72 ||   248
         Headbutt          |    15 |    24 |    16 ||    55
  Throw: Boomerang         |       |     8 |    17 ||    25
 Invoke: Sacrifice Stealth |     1 |       |       ||     1
         Sacrifice Artific |       |       |     1 ||     1
    Use: Potion            |       |       |     4 ||     4
         Scroll            |       |       |     2 ||     2
   Stab: Paralysed         |       |       |     1 ||     1
 Armour: Robe              |    20 |       |       ||    20
         Leather armour    |    21 |    73 |    69 ||   163
         Skin              |       |       |    15 ||    15
  Dodge: Dodged            |    58 |    76 |    73 ||   207

Table legend: (Time is in decaauts)
 A = Elapsed time spent in this place.
 B = Non-inter-level travel time spent in this place.
 C = Inter-level travel time spent in this place.
 D = Time resting spent in this place.
 E = Time spent auto-exploring this place.
 F = Levels seen in this place.
 G = Mean time per level.
                   A        B        C        D        E       F      G
               +--------+--------+--------+--------+--------+-----+--------+
         Total |   4052 |   3806 |    246 |    826 |   1929 |   5 |  810.4 |
       Dungeon |   4052 |   3806 |    246 |    826 |   1929 |   5 |  810.4 |
               +--------+--------+--------+--------+--------+-----+--------+

Top non-repeatable levels by time:
     D:4: 1133 daAuts
     D:3: 1017 daAuts
     D:1: 939 daAuts
     D:2: 657 daAuts
     D:5: 305 daAuts
